 Dungeon Crawl Stone Soup version 0.14-a0-586-g2535b90 (webtiles) character file.

23184 PolkaDot the Cloud Mage (level 12, -1/72 HPs)
             Began as a Vampire Wizard on Nov 3, 2013.
             Was the Champion of Sif Muna.
             Killed from afar by a frost giant (46 damage)
             ... with a bolt of cold
             ... in an ice cave.
             The game lasted 01:54:14 (14566 turns).

PolkaDot the Cloud Mage (Vampire Wizard)           Turns: 14566, Time: 01:54:16

HP  -1/72        AC 14     Str 13      XL: 12   Next: 66%
MP  17/25        EV 12     Int 31      God: Sif Muna [******]
Gold 406         SH  0     Dex 14      Spells:  9 memorised,  0 levels left

Res.Fire  : . . .   See Invis. : +   e - +4 dagger (elec)
Res.Cold  : . . .   Warding    : .   K - +0 robe "Ygazxex" {Dex+2 Int+4}
Life Prot.: . . .   Conserve   : +   (no shield)
Res.Poison: +       Res.Corr.  : .   b - +0 wizard hat
Res.Elec. : .       Clarity    : .   M - +2 cloak of Devotion {Str+3}
Sust.Abil.: . .     Spirit.Shd : .   Q - +2 pair of gloves {Str+3}
Res.Mut.  : .       Stasis     : .   l - +0 pair of orc boots
Res.Rott. : .       Flight     : +   r - amulet of conservation
Saprovore : . . .                    p - +5 ring of intelligence
                                     J - ring of teleport control

@: regenerating very quickly, flying, somewhat resistant to hostile
enchantments, stealthy
A: bottle blood, fangs 3, see invisible, poison resistance, wild magic 1,
unbreathing, evolution 1, AC +4, Dex -1
a: Bottle Blood, Channel Energy, Forget Spell, Renounce Religion, Evoke Teleport
Control


You were in an ice cave.
You worshipped Sif Muna.
Sif Muna was exalted by your worship.
You were almost alive.

You visited 2 branches of the dungeon, and saw 14 of its levels.
You also visited: Ossuary and Ice Cave.

You collected 1075 gold pieces.
You spent 669 gold pieces at shops.

Inventory:

Hand weapons
 e - a +4,+4 dagger of electrocution (weapon)
 G - a +2,+2 elven dagger of holy wrath
Armour
 b - a +0 wizard hat (worn)
 i - the +1 robe of the Chupacabra {rElec rN+}
   (You bought it in a shop on level 4 of the Dungeon)

   It insulates you from electricity.
   It protects you from negative energy.
 l - a +0 pair of orcish boots (worn)
 t - a cursed +1 dwarven buckler
 w - a +1 troll leather armour
 K - the +0 robe "Ygazxex" (worn) {Dex+2 Int+4}
   (You bought it in a shop on level 6 of the Dungeon)

   It affects your intelligence (+4).
   It affects your dexterity (+2).
 M - the +2 cloak of Devotion (worn) {Str+3}
   (You found it on level 7 of the Dungeon)

   It affects your strength (+3).
 Q - a +2 pair of gloves of strength (worn)
Magical devices
 n - a wand of teleportation (8)
 o - a wand of polymorph (8)
 u - a wand of confusion (6)
 v - a wand of draining (4)
 z - a wand of frost (0)
 T - a wand of draining (7)
Scrolls
 d - 2 scrolls of enchant weapon I
 f - 5 scrolls of teleportation
 j - 7 scrolls of remove curse
 q - a scroll of fog
 y - a scroll of enchant weapon II
 A - a scroll of recharging
 B - a scroll of amnesia
 H - a scroll of curse armour {unknown}
 L - a scroll of vulnerability
 N - a scroll of immolation
 R - a scroll of acquirement
Jewellery
 p - a +5 ring of intelligence (right hand)
 r - an amulet of conservation (around neck)
 J - a ring of teleport control (left hand)
 P - an uncursed amulet of resist corrosion
 S - an uncursed amulet of clarity {unknown}
Potions
 a - 3 potions of speed
 h - a potion of heal wounds
 m - 11 potions of curing
 x - a potion of cure mutation
 C - 2 potions of might
 D - 2 potions of agility
 E - 4 potions of magic
 F - 2 potions of restore abilities
 U - 17 potions of blood
 V - 2 potions of flight
Books
 c - a book of Minor Magic

   Spells                             Type                      Level
   *Magic Dart                        Conjuration                  1
   *Blink                             Translocation                2
   Call Imp                           Summoning                    2
   *Repel Missiles                    Charms/Air                   2
   Slow                               Hexes                        2
   *Conjure Flame                     Conjuration/Fire             3
   *Mephitic Cloud                    Conjuration/Poison/Air       3
 s - Doenn's Volume of Lucky Orientation
   (Sif Muna gifted it to you on level 11 of the Dungeon)

   Spells                             Type                      Level
   *Apportation                       Translocation                1
   Shroud of Golubria                 Charms/Translocation         2
   Portal Projectile                  Translocation                2
   *Control Teleport                  Charms/Translocation         4
   Passage of Golubria                Translocation                4
   Malign Gateway                     Summoning/Translocation      7
 I - Sif Muna's Collected Works on Lightness
   (Sif Muna gifted it to you on level 13 of the Dungeon)

   Spells                             Type                      Level
   *Swiftness                         Charms/Air                   2
   *Flight                            Charms/Air                   3
   Static Discharge                   Conjuration/Air              3
   Lightning Bolt                     Conjuration/Air              5
   Silence                            Hexes/Air                    5
 O - a Grand Grimoire {highlevel}

   This book is beyond your current level of understanding.

   Spells                             Type                      Level
   Demonic Horde                      Summoning                    6
   Mass Abjuration                    Summoning                    6
   Haunt                              Necromancy/Summoning         7
   Summon Greater Demon               Summoning                    7
   Malign Gateway                     Summoning/Translocation      7
   Summon Horrible Things             Summoning                    8


   Skills:
 - Level 3.4 Short Blades
 - Level 5.5 Armour
 - Level 2.1 Dodging
 - Level 3.0 Stealth
 * Level 5.1 Spellcasting
 + Level 7.9 Conjurations
 - Level 8.6 Charms
   Level 1.0 Summonings
 - Level 5.0 Translocations
 + Level 13.1 Air Magic


You couldn't memorise any spells.
You knew the following spells:

 Your Spells              Type           Power        Failure   Level  Hunger
a - Magic Dart            Conj           ####         1%          1    None
d - Mephitic Cloud        Conj/Pois/Air  ######..     3%          3    None
e - Flight                Chrm/Air       #######...   1%          3    None
q - Blink                 Tloc           N/A          4%          2    None
r - Swiftness             Chrm/Air       #######...   1%          2    None
s - Conjure Flame         Conj/Fire      #####...     9%          3    None
w - Repel Missiles        Chrm/Air       #######...   1%          2    None
A - Apportation           Tloc           ######....   3%          1    None
C - Control Teleport      Chrm/Tloc      ######....   9%          4    ###....


Dungeon Overview and Level Annotations

Branches:
Dungeon (13/27)            Temple (1/1) D:5             Orc (0/4) D:8
   Lair (0/8) D:10

Altars:
Ashenzari
Cheibriados
Elyvilon
Fedhas
Kikubaaqudgha
Makhleb
Nemelex Xobeh
Okawaru
Sif Muna
Trog
Vehumet
Xom
Yredelemnul
Zin
the Shining One

Shops:
D:4 [   D:6 [   D:11 !

Annotations:
D:13 Gastronok, Urug


Innate Abilities, Weirdness & Mutations

Your natural rate of healing is extremely fast.
You can bottle blood from corpses.
You have razor-sharp teeth.*
You have supernaturally acute eyesight.
You can survive without breathing.*
You are partially covered in rough black scales (AC +4, Dex -1).*
Your system is resistant to poisons.*+ Your spells are a little harder to cast, but a little more powerful.+ You evolve.+


Message History

Confirm with . or Enter, or press ? or * to list all spells.
Aiming: Mephitic Cloud
Press: ? - help, Shift-Dir - straight line, f - frost giant
Aim: a frost giant, wielding a battleaxe of freezing (lightly wounded)
The beam explodes into a vile cloud!
The stinking cloud engulfs the frost giant.
The frost giant is lightly wounded.
The stinking cloud engulfs you!
The frost giant is engulfed in noxious fumes.
The frost giant hits you with a battleaxe of freezing.
The frost giant freezes you.
Drink which item? (? for menu, Esc to quit)
Okay, then.
You hit the frost giant but do no damage.
The frost giant is lightly wounded.
The frost giant is engulfed in noxious fumes.
The frost giant gestures at you while chanting.
The bolt of cold hits you!
Ouch! That really hurt!
You die...

#.#.##.#C.#....####.C#.#
#.?##...######## ###.##
#.#..#.## ### #..#..##
#.#.#.# #..#.## ####
##..#§## ##..##
####§C### ##....#
##§@.###..##.#
###..#..##§.##
##.%.##≈.#.##
##(##≈≈.#..# ###≈≈##...#
≈≈≈≈##...## ####
≈#≈≈##....# ##..##
######.....#
##....#####..####....#


You could see a frost giant.

Vanquished Creatures
  A hydra (D:11)
  2 centaur warriors (D:13)
  An unseen horror (D:11)
  5 skeletal warriors (D:13)
  A hill giant (D:12)
  Maurice (D:8)
  2 cyclopes (D:12)
  A spriggan (D:7)
  3 trolls
  7 polar bears (IceCv)
  2 two-headed ogres
  2 hydra skeletons
  A trapdoor spider zombie (D:12)
  6 slime creatures
  A hill giant zombie (D:12)
  16 yaks
  4 hungry ghosts
  A deep elf fighter (D:10)
  A hog (D:12)
  A hippogriff (D:11)
  A manticore (D:8)
  A necrophage (D:9)
  3 wolves (IceCv)
  2 black bears (D:9)
  6 orc warriors
  2 phantoms
  3 sky beasts
  6 ice beasts
  7 ogres
  15 centaurs
  Sigmund (D:4)
  2 big kobolds
  A crocodile (D:10)
  7 giant frogs
  2 water moccasins
  Blork the orc (D:6)
  A manticore zombie (D:10)
  A manticore skeleton (D:11)
  3 killer bees (D:10)
  A hippogriff zombie (D:10)
  A yak skeleton (D:10)
  2 troll skeletons (D:11)
  The ghost of Vidiiot the Twirler, a weakling TeGl (D:3)
  3 goliath beetles
  13 wights
  2 yellow wasp zombies
  4 crimson imps
  6 hounds
  A centaur skeleton (D:11)
  3 jellies
  15 orc priests
  2 giant frog skeletons
  3 iguanas
  3 scorpions
  9 worker ants
  A two-headed ogre skeleton (D:7)
  6 orc wizards
  An ogre zombie (D:7)
  A big kobold zombie (Ossuary)
  A mottled dragon zombie (D:12)
  A crocodile zombie (D:13)
  A crocodile skeleton (D:8)
  10 mummies (Ossuary)
  11 gnolls
  12 adders
  A giant centipede (D:10)
  2 green rats (D:10)
  An inept item mimic (D:6)
  12 white imps (D:13)
  3 giant mites
  A worm (D:2)
  An adder skeleton (D:7)
  4 giant eyeballs
  An iguana skeleton (D:8)
  An ooze (D:1)
  34 orcs
  8 giant cockroaches
  A giant mite zombie (D:6)
  9 goblins
  12 hobgoblins
  26 kobolds
  6 quokkas
  A ball python (D:4)
  21 bats
  10 giant geckos
  5 giant newts
  2 giant spores (D:9)
  2 gnoll zombies (Ossuary)
  A hobgoblin skeleton (D:8)
  A hobgoblin zombie (Ossuary)
  13 jackals
  2 kobold skeletons
  4 orc zombies (Ossuary)
  21 rats
  A rat zombie (D:6)
  16 ballistomycetes
  A fungus (D:10)
462 creatures vanquished.

Vanquished Creatures (collateral kills)
  2 slime creatures (D:12)
  A killer bee (D:10)
3 creatures vanquished.

Vanquished Creatures (others)
  A quasit (D:12)
  A worker ant (D:12)
  An adder (D:9)
  A giant spore (D:8)
4 creatures vanquished.

Grand Total: 469 creatures vanquished

Notes
Turn   | Place    | Note
--------------------------------------------------------------
     0 | D:1      | PolkaDot, the Vampire Wizard, began the quest for the Orb.
     0 | D:1      | Reached XP level 1. HP: 11/11 MP: 6/6
   130 | D:1      | Reached skill level 1 in Conjurations
   222 | D:1      | Reached XP level 2. HP: 13/17 MP: 1/8
   731 | D:1      | Reached skill level 1 in Short Blades
  1019 | D:2      | Reached XP level 3. HP: 19/22 MP: 10/10
  1779 | D:3      | Noticed Vidiiot's ghost (weakling TeGl)
  1787 | D:3      | Learned a level 3 spell: Conjure Flame
  1805 | D:2      | Learned a level 3 spell: Mephitic Cloud
  1839 | D:3      | Reached XP level 4. HP: 25/28 MP: 12/12
  2164 | D:3      | Killed Vidiiot's ghost
  2458 | D:3      | Learned a level 2 spell: Repel Missiles
  2613 | D:4      | Found a sand-covered staircase.
  2614 | D:4      | Noticed Sigmund
  2629 | D:4      | Killed Sigmund
  2629 | D:4      | Reached XP level 5. HP: 21/33 MP: 0/13
  2667 | Ossuary  | Entered an ossuary
  3117 | Ossuary  | Reached XP level 6. HP: 39/39 MP: 1/15
  3338 | Ossuary  | Reached skill level 4 in Conjurations
  3811 | D:4      | Found Ufijivui's Antique Armour Shop.
  3939 | D:4      | Bought an ancient robe for 148 gold pieces
  3954 | D:4      | Identified the +1 robe of the Chupacabra {rElec rN+} (You bought it in a shop on level 4 of the Dungeon)
  4084 | D:4      | Learned a level 2 spell: Blink
  4182 | D:4      | Noticed an ogre
  4202 | D:4      | Reached XP level 7. HP: 40/44 MP: 17/17
  4204 | D:4      | Reached skill level 5 in Conjurations
  4227 | D:4      | Killed an ogre
  4453 | D:4      | Found a shattered altar of Ashenzari.
  4716 | D:5      | Entered Level 5 of the Dungeon
  4823 | D:5      | Reached skill level 6 in Conjurations
  4870 | D:5      | Found a staircase to the Ecumenical Temple.
  4875 | Temple   | Entered the Ecumenical Temple
  4965 | Temple   | Became a worshipper of Sif Muna the Loreminder
  5232 | D:5      | Found a bloodstained altar of Trog.
  5348 | D:5      | Reached XP level 8. HP: 50/50 MP: 16/18
  5677 | D:6      | Reached skill level 7 in Conjurations
  5681 | D:6      | Acquired Sif Muna's first power
  5733 | D:6      | Found an ancient bone altar of Kikubaaqudgha.
  5944 | D:6      | Reached skill level 1 in Air Magic
  6019 | D:6      | Noticed Blork the orc
  6030 | D:6      | Killed Blork the orc
  6156 | D:6      | Found Toerec's Armour Shop.
  6165 | D:6      | Bought the cursed +0 robe "Ygazxex" {Dex+2 Int+4} for 260 gold pieces
  6389 | D:7      | Got a crude cloak
  6393 | D:7      | Identified the +2 cloak of Devotion {Str+3} (You found it on level 7 of the Dungeon)
  6451 | D:7      | Reached skill level 5 in Air Magic
  6505 | D:7      | Noticed a spriggan baker
  6514 | D:7      | Killed a spriggan baker
  6514 | D:7      | Acquired Sif Muna's second power
  6514 | D:7      | Reached XP level 9. HP: 45/55 MP: 1/19
  7616 | D:8      | Found a staircase to the Orcish Mines.
  7715 | D:8      | Reached skill level 8 in Air Magic
  7871 | D:8      | Noticed Maurice
  7892 | D:8      | Killed Maurice
  7892 | D:8      | Reached skill level 9 in Air Magic
  8360 | D:9      | Reached skill level 10 in Air Magic
  8395 | D:9      | Acquired Sif Muna's third power
  8497 | D:9      | Reached XP level 10. HP: 61/61 MP: 6/20
  8674 | D:6      | Bought a +2 pair of gloves of strength for 261 gold pieces
  9055 | D:9      | Reached skill level 11 in Air Magic
  9846 | D:10     | Entered Level 10 of the Dungeon
  9915 | D:10     | Reached skill level 12 in Air Magic
  9994 | D:10     | Reached skill level 1 in Translocations
 10035 | D:10     | Gained mutation: You are partially covered in rough black scales (AC +4, Dex -1). [potion of mutation]
 10035 | D:10     | Gained mutation: You evolve. [potion of mutation]
 10036 | D:10     | Gained mutation: Your system is resistant to poisons. [potion of beneficial mutation]
 10215 | D:10     | Found a white marble altar of Elyvilon.
 10575 | D:10     | Found a shattered altar of Ashenzari.
 10580 | D:10     | Saw a vision of the Shoals and the Snake Pit.
 10580 | D:10     | Noticed a black mamba
 10747 | D:10     | Found a staircase to the Lair.
 10941 | D:10     | Identified a scroll of acquirement
 11006 | D:11     | Reached skill level 5 in Translocations
 11006 | D:11     | Reached XP level 11. HP: 66/66 MP: 12/21
 11034 | D:11     | Noticed an unseen horror
 11069 | D:11     | Reached skill level 1 in Charms
 11080 | D:11     | Killed an unseen horror
 11080 | D:11     | Received a gift from Sif Muna
 11092 | D:11     | Identified Doenn's Volume of Lucky Orientation (Sif Muna gifted it to you on level 11 of the Dungeon)
 11095 | D:11     | Learned a level 1 spell: Apportation
 11187 | D:11     | Found Frorphyatt's Distillery.
 11278 | D:11     | Paralysed by a giant eyeball for 2 turns
 11281 | D:11     | Paralysed by a giant eyeball for 3 turns
 11792 | D:11     | Noticed a seven-headed hydra
 11807 | D:11     | Killed a seven-headed hydra
 11807 | D:11     | Reached skill level 5 in Charms
 11987 | D:12     | Paralysed by a giant eyeball for 3 turns
 11997 | D:12     | Learned a level 4 spell: Control Teleport
 12046 | D:12     | Noticed a hill giant
 12076 | D:12     | Killed a hill giant
 12323 | D:12     | Reached skill level 1 in Armour
 12964 | D:12     | Paralysed by a giant eyeball for 3 turns
 13369 | D:13     | Noticed a skeletal warrior
 13369 | D:13     | Noticed a skeletal warrior
 13369 | D:13     | Noticed a skeletal warrior
 13369 | D:13     | Noticed a skeletal warrior
 13369 | D:13     | Noticed a skeletal warrior
 13405 | D:13     | Killed a skeletal warrior
 13410 | D:13     | Killed a skeletal warrior
 13410 | D:13     | Reached XP level 12. HP: 45/72 MP: 1/22
 13410 | D:13     | Killed a skeletal warrior
 13459 | D:13     | Killed a skeletal warrior
 13459 | D:13     | Received a gift from Sif Muna
 13460 | D:13     | Identified Sif Muna's Collected Works on Lightness (Sif Muna gifted it to you on level 13 of the Dungeon)
 13472 | D:13     | Killed a skeletal warrior
 13472 | D:13     | Reached skill level 5 in Armour
 13520 | D:13     | Noticed a centaur warrior
 13597 | D:13     | Noticed Gastronok
 13742 | D:13     | Noticed Urug
 13934 | D:13     | Killed a centaur warrior
 14147 | D:13     | Found a frozen archway.
 14155 | D:13     | Noticed a centaur warrior
 14167 | D:13     | Killed a centaur warrior
 14207 | IceCv    | Entered an ice cave
 14213 | IceCv    | Reached skill level 13 in Air Magic
 14330 | IceCv    | Learned a level 3 spell: Flight
 14407 | IceCv    | Reached skill level 5 in Spellcasting
 14477 | IceCv    | Gained mutation: Your spells are a little harder to cast, but a little more powerful. [potion of beneficial mutation]
 14481 | IceCv    | Learned a level 2 spell: Swiftness
 14521 | IceCv    | Noticed a frost giant
 14566 | IceCv    | Killed from afar by a frost giant

Action                   |  1- 3 |  4- 6 |  7- 9 | 10-12 || total
-------------------------+-------+-------+-------+-------++-------
Melee: Spear             |    31 |       |       |       ||    31
       Dagger            |    97 |    82 |   309 |   579 ||  1067
       Unarmed           |       |       |     9 |       ||     9
 Cast: Magic Dart        |    13 |   129 |   110 |   248 ||   500
       Conjure Flame     |       |     4 |    31 |   135 ||   170
       Mephitic Cloud    |       |     2 |    19 |    49 ||    70
       Blink             |       |       |       |     4 ||     4
       Repel Missiles    |       |       |       |     6 ||     6
       Swiftness         |       |       |       |     1 ||     1
       Flight            |       |       |       |     1 ||     1
Invok: Channel Energy    |       |       |    13 |   138 ||   151
 Abil: Bottle Blood      |       |       |       |    50 ||    50
Evoke: Wand              |       |       |       |     4 ||     4
  Use: Potion            |     1 |     3 |       |    65 ||    69
       Scroll            |       |    12 |     5 |    19 ||    36
 Stab: Sleeping          |     3 |     2 |     7 |     5 ||    17
       Confused          |       |     1 |    12 |    24 ||    37
       Distracted        |       |       |       |     2 ||     2
